 Dungeon Crawl Stone Soup version 0.28-a0-811-g00180f5fcc (webtiles) character file.

Game seed: 18395095563191801525

4 AarnesTheHuman the Poker (level 1, 17/17 HPs)
             Began as a Merfolk Gladiator on Nov 8, 2021.
             Was a Follower of Zin.
             Got out of the dungeon alive.
             The game lasted 00:00:55 (206 turns).

AarnesTheHuman the Poker (Merfolk Gladiator)         Turns: 206, Time: 00:00:56

Health: 17/17      AC:  4    Str: 14    XL:     1   Next: 70%
Magic:  1/1        EV: 13    Int:  7    God:    Zin [*.....]
Gold:   12         SH:  0    Dex: 15    Spells: 0/0 levels left

rFire   . . .      SeeInvis .   a - +0 trident
rCold   . . .      Faith    .   (no shield)
rNeg    . . .      Spirit   .   b - +0 leather armour
rPois   .          Reflect  .   c - +0 helmet
rElec   .          Harm     .   (no cloak)
rCorr   .          Rampage  .   (no gloves)
Will    .....                   (no boots)
Stlth   +.........              (no amulet)
HPRegen 0.05/turn               (no ring)
MPRegen 0.07/turn               (no ring)

@: no status effects
A: (nimble swimmer 2), mertail
a: Renounce Religion, Recite, Donate Gold


You escaped.
You worshipped Zin.
Zin was aware of your devotion.
You visited 1 branch of the dungeon, and saw 1 of its levels.

You collected 13 gold pieces.
You donated 1 gold pieces to Zin.

Inventory:

Hand Weapons
 a - a +0 trident (weapon)
Missiles
 d - 3 throwing nets (quivered)
Armour
 b - a +0 leather armour (worn)
 c - a +0 helmet (worn)
Scrolls
 e - a scroll of magic mapping {unknown}


   Skills:
 + Level 2.3 Fighting
 + Level 4.5 Polearms
 + Level 2.1 Throwing
 + Level 4.1 Dodging


You couldn't memorise any spells.
You didn't know any spells.
Your spell library was empty.

Dungeon Overview and Level Annotations

Branches:
Dungeon (1/15)

Altars:
Zin


Innate Abilities, Weirdness & Mutations

((You are quick and stealthy near water. (Stealth+, EV+, Speed+++)))
Your lower body shifts to a powerful aquatic tail in water.


Message History

You see here a hobgoblin corpse.
You now have 8 gold pieces.
As you open the door, it creaks loudly!
Found a gnoll skeleton.
Found a gnoll skeleton.
There is an open door here.
You now have 13 gold pieces (gained 5).
You open the door.
Found a faded altar of an unknown god.
There is an open door here.
There is an open door here.
There is an open door here.
A bat comes into view.
Found a ring mail.
The bat hits you but does no damage.
You closely miss the bat. The bat misses you.
The bat hits you but does no damage.
You puncture the bat!
You kill the bat!
No target in view!
There is an open door here.
There is an open door here.
There is a faded altar of an unknown god here.
You cannot tell which god this altar belongs to.
Convert to them anyway?
Zin accepts your prayer! Zin welcomes you!
You pay a tithe of 1 gold.
You can now donate money to Zin.
You can now recite Zin's Axioms of Law.
Okay, then.
Unknown command.
Press < or > to pray at altars.
There is an open door here.
There is an open door here.
Found 16 gold pieces.
Found a stone staircase leading down.
Found 18 stones.
There is a shaft here.
There is a staircase leading out of the dungeon here.
Are you sure you want to leave the Dungeon?
This will make you lose the game!
You have escaped!

.......# ...... ..
#...#### ..... .....
#......# #......
.......#.###.#
#.(....##.......#)#
#.##
......#..#......#.#
#...
.....#....#.....#.#
####
.....#..#.......#.# #
.... #..@.#......#.#
####
#....#..^.#......#.#
#.†.
.....#...........#.#
#.##
.....#..........#.##
#.#
#.....#.........#..#
#.#
#.....#.........#..#
#.# #.....#.......#...#
#.#
#......###...#....###.#
#.........###.........#


There were no monsters in sight!

Vanquished Creatures
  A bat (D:1)
  2 hobgoblins (D:1)
  A kobold (D:1)
4 creatures vanquished.

Notes
Turn   | Place    | Note
-------+----------+-------------------------------------------
     0 | D:1      | AarnesTheHuman the Merfolk Gladiator began the quest for
                  | the Orb.
     0 | D:1      | Reached XP level 1. HP: 16/16 MP: 1/1
   128 | D:1      | Found a faded altar of an unknown god.
   165 | D:1      | Prayed at the altar of an unknown god.
   165 | D:1      | Became a worshipper of Zin the Law-Giver
   165 | D:1      | Reached * piety under Zin
   206 | D:$      | Got out of the dungeon alive.

Illustrated notes

Levels and vault maps discovered:
D:1:      dpeg_arrival_solitude, layout_loops_cross,
          dilly_ecumenical_altar_fadedgnrine

Action                   || total
-------------------------++-------
Melee: Trident           ||     9
Armor: Leather armour    ||     3
Dodge: Dodged            ||     3

Table legend: (Time is in decaauts)
 A = Elapsed time spent in this place.
 B = Non-inter-level travel time spent in this place.
 C = Inter-level travel time spent in this place.
 D = Time resting spent in this place.
 E = Time spent auto-exploring this place.
 F = Levels seen in this place.
 G = Mean time per level.
                   A        B        C        D        E       F      G
               +--------+--------+--------+--------+--------+-----+--------+
         Total |    206 |    167 |     39 |      0 |    128 |   1 |  206.0 |
       Dungeon |    206 |    167 |     39 |      0 |    128 |   1 |  206.0 |
               +--------+--------+--------+--------+--------+-----+--------+

Top non-repeatable levels by time:
     D:1: 206 daAuts
